 Seeded DCSS version 0.27.1-35-g4d5d836560 (webtiles) character file.

Game seed: 24652471845633457 (custom seed)

11 xaos the Vandal (level 2, 0/22 HPs)
             Began as a Formicid Hunter on Mar 23, 2022.
             Slain by a kobold (4 damage)
             ... on level 1 of the Dungeon on Mar 24, 2022.
             The game lasted 00:05:49 (744 turns).

xaos the Vandal (Formicid Hunter)                    Turns: 744, Time: 00:05:50

Health: 0/22       AC:  3    Str: 16    XL:     2   Next: 40%
Magic:  2/2        EV: 11    Int: 10    God:
Gold:   23         SH:  0    Dex: 11    Spells: 1/1 levels left

rFire    . . .     SeeInvis +   b - +0 short sword
rCold    . . .     Faith    .   (no shield)
rNeg     . . .     Spirit   .   c - +0 leather armour
rPois    .         Reflect  .   (helmet unavailable)
rElec    .         Harm     .   (no cloak)
rCorr    .         Rampage  .   (no gloves)
Will     .....                  (no boots)
Stlth    +.........             (no amulet)
HPRegen  0.07/turn              (no ring)
MPRegen  0.08/turn              (no ring)

@: no status effects
A: permanent stasis, dig shafts and tunnels, antennae 3, four strong arms
a: Dig, Shaft Self


You were on level 1 of the Dungeon.
You visited 1 branch of the dungeon, and saw 1 of its levels.

You collected 23 gold pieces.

Inventory:

Hand Weapons
 a - a +1 hunting sling
 b - a +0 short sword (weapon)
Missiles
 d - 18 sling bullets
 e - 43 arrows
Armour
 c - a +0 leather armour (worn)
Scrolls
 f - a scroll of fog {unknown}
 h - a scroll of acquirement {unknown}
 k - a scroll of noise {unknown}
 l - a scroll of enchant weapon {unknown}
Potions
 g - a potion of flight {unknown}
 i - a potion of ambrosia {unknown}
 j - a potion of attraction {unknown}


   Skills:
 + Level 2.2 Fighting
 + Level 4.7 Slings
 + Level 0.5 Armour
 + Level 2.0 Dodging
 + Level 1.2 Stealth


You had one spell level left.
You didn't know any spells.
Your spell library was empty.

Dungeon Overview and Level Annotations

Branches:
Dungeon (1/15)

Altars:


Innate Abilities, Weirdness & Mutations

You cannot be hasted, slowed, berserked, paralysed or teleported.
You can dig through walls and to a lower floor.
You have a pair of large antennae on your head. (SInv)
Your four strong arms can wield two-handed weapons with a shield.


Message History

The sling bullet closely misses the ball python.
The ball python barely misses you. The ball python constricts you.
Fire: 12 sling bullets
Press: ? - help, Q - select action, (/) - cycle Shift-Dir - straight line, f/p - ball python
Aim: a ball python (severely wounded, constricting you, 57% to hit)
You shoot a sling bullet. The sling bullet hits the ball python.
You kill the ball python!
Unknown command.
Unknown command.
d - 14 sling bullets (gained 3)
d - 15 sling bullets (gained 1)
You now have 23 gold pieces (gained 8).
Found a scroll labelled QUTASA VEAHO.
d - 18 sling bullets (gained 3)
b - a +0 short sword (weapon)
A kobold comes into view. It is wielding a +0 vampiric whip.
You see here a scroll labelled QUTASA VEAHO.
The kobold hits you but does no damage.
You closely miss the kobold. The kobold completely misses you.
You closely miss the kobold. The kobold barely misses you.
You see here a scroll labelled QUTASA VEAHO.
l - a scroll labelled QUTASA VEAHO The kobold hits you with a +0 vampiric whip.
You hit the kobold.
The kobold is moderately wounded.
The kobold hits you with a +0 vampiric whip.
The kobold draws strength from your wounds!
You barely miss the kobold.
The kobold hits you with a +0 vampiric whip.
You completely miss the kobold.
The kobold hits you with a +0 vampiric whip.
You closely miss the kobold. The kobold hits you but does no damage.
The kobold hits you with a +0 vampiric whip.
* * * LOW HITPOINT WARNING * * *
You closely miss the kobold.
The kobold hits you with a +0 vampiric whip.
* * * LOW HITPOINT WARNING * * *
You barely miss the kobold.
The kobold hits you with a +0 vampiric whip.
You die...

...####.#.#.......#
........#...........
##.................##
#....#............#
#....#............#
##....#............#
..........#####.
........K.#
........@.#
.........##
..........
.#.##.#.... #.
#.#..... #.#......
#......... .........


You could see a kobold.

Vanquished Creatures
  A dart slug (D:1)
  An endoplasm (D:1)
  A giant cockroach (D:1)
  A goblin (D:1)
  A hobgoblin (D:1)
  2 ball pythons (D:1)
  2 bats (D:1)
9 creatures vanquished.

Vanquished Creatures (others)
  5 toadstools (D:1)
5 creatures vanquished.

Grand Total: 14 creatures vanquished

Notes
Turn   | Place    | Note
-------+----------+-------------------------------------------
     0 | D:1      | xaos the Formicid Hunter began the quest for the Orb.
     0 | D:1      | Reached XP level 1. HP: 16/16 MP: 1/1
   368 | D:1      | Reached XP level 2. HP: 9/22 MP: 2/2
   744 | D:1      | Slain by a kobold

Illustrated notes

Levels and vault maps discovered:
D:1:      ldierk_walled_garden, layout_basic

Skill      XL: |  1  2 |
---------------+-------+-----
Dodging        | 2 |  2.0
Fighting       | |  2.2
Slings         | |  4.7
Armour         | |  0.5
Stealth        | |  1.2

Action                   || total
-------------------------++-------
Melee: Hunting sling     ||    27
       Short sword       ||     8
 Fire: Hunting sling     ||    27
Armor: Leather armour    ||    12
Dodge: Dodged            ||    35
